 Dungeon Crawl Stone Soup version 0.25-a0-464-g3004169c2b (webtiles) character file.

Game seed: 18168571470695909815, levelgen mode: deterministic

27796 Nattfarinn the Covert (level 13, -3/103 HPs)
             Began as a Vine Stalker Assassin on Feb 4, 2020.
             Was the Champion of Okawaru.
             Slain by a spiny frog (13 damage)
             ... on level 3 of the Lair of Beasts.
             The game lasted 00:46:42 (14009 turns).

Nattfarinn the Covert (Vine Stalker Assassin)      Turns: 14009, Time: 00:46:43

Health: -3/103     AC: 26    Str: 21    XL:     13   Next: 34%
Magic:  0/14       EV:  2    Int: 11    God:    Okawaru [******]
Gold:   731        SH:  5    Dex: 19    Spells: 10/12 levels left

rFire    . . .     SeeInvis .   I - +2 dagger (venom)
rCold    + . .     Gourm    .   (no shield)
rNeg     + + +     Faith    .   (armour currently unavailable)
rPois    +         Spirit   +   (helmet currently unavailable)
rElec    .         Reflect  +   (cloak currently unavailable)
rCorr    .         Harm     .   (gloves currently unavailable)
MR       +....     NoTele   +   (boots currently unavailable)
Stlth    +++++.....             u - +5 amulet of reflection
HPRegen  1.07/turn              w - ring of protection from cold
MPRegen  0.14/turn              O - ring of flight

@: mighty, lethally poisoned (-3 -> -4), tree-form
A: regeneration 2, magic shield, no potion heal 3, rot immunity
a: Heroism, Finesse, Renounce Religion


You were on level 3 of the Lair of Beasts.
You worshipped Okawaru.
Okawaru was exalted by your worship.
You were hungry.
You were a tree.
You visited 3 branches of the dungeon, and saw 18 of its levels.
You also visited: Ossuary.

You collected 731 gold pieces.

Inventory:

Hand Weapons
 g - a +2 dagger of flaming
 t - a +5 long sword of freezing
 G - the +5 broad axe "Pacvyga" {vorpal, rPois}
   (Okawaru gifted it to you on level 13 of the Dungeon)

   It inflicts extra damage upon your enemies.
   It protects you from poison.
 I - a +2 dagger of venom (weapon)
 U - a +5 dagger
Missiles
 d - 40 poisoned darts (quivered)
 e - 15 curare-tipped darts
 B - 3 datura-tipped darts
 S - 7 atropa-tipped darts
Armour
 b - a +0 robe
 c - a +1 cloak (melded)
 k - +0 acid dragon scales
 m - a +0 scale mail
 n - a +0 ring mail
 J - +0 steam dragon scales
 K - the +1 robe of the Iron Devil {rCorr Str+3 Int+2 Dex+3}
   (Okawaru gifted it to you on level 12 of the Dungeon)

   It affects your strength (+3).
   It affects your intelligence (+2).
   It affects your dexterity (+3).
   It provides partial protection from all sources of acid and corrosion.
   If you switch to wearing this armour, your AC will rise 4 points (26 -> 30)
 P - a +3 leather armour (melded)
 Q - a +0 hat (melded)
 T - a +2 pair of boots (melded)
Jewellery
 i - an uncursed ring of wizardry
 u - a +5 amulet of reflection (around neck)
 w - a ring of protection from cold (left branch)
 y - an uncursed ring of fire
 N - an uncursed amulet of the gourmand {unknown}
 O - a ring of flight (right branch)
Wands
 D - a wand of flame (12)
 L - a wand of acid (4)
Scrolls
 h - 5 scrolls of teleportation
 o - 4 scrolls of fog
 p - 2 scrolls of amnesia
 q - 6 scrolls of remove curse
 F - a scroll of random uselessness
 H - 4 scrolls of immolation
 M - 2 scrolls of identify
 R - a scroll of vulnerability
Potions
 a - 3 potions of might
 j - a potion of resistance {unknown}
 r - 3 potions of flight {unknown}
 s - 2 potions of curing
 v - a potion of heal wounds {unknown}
 x - 3 potions of berserk rage {unknown}
 z - 2 potions of lignification
 A - a potion of mutation {unknown}
 C - a potion of degeneration {unknown}
 E - 2 potions of brilliance {unknown}
Comestibles
 f - 20 rations


   Skills:
 - Level 8.7 Fighting
 - Level 10.0 Short Blades
 - Level 1.7 Throwing
 - Level 7.6 Armour
 - Level 7.7 Dodging
 - Level 12.4 Stealth
 * Level 7.7 Poison Magic


You had 10 spell levels left.
You knew the following spells:

 Your Spells              Type           Power        Failure   Level  Hunger
a - Poisonous Vapours     Pois/Air       #.....       11%         2    ###....

Your spell library contained the following spells:

 Spells                   Type           Power        Failure   Level  Hunger
 Summon Butterflies       Summ           #.......     34%         1    ##.....
 Mephitic Cloud           Conj/Pois/Air  #.......     36%         3    ####...
 Sticks to Snakes         Tmut           #.......     47%         2    ###....
 Confusing Touch          Hex            #.......     71%         3    ####...
 Conjure Flame            Conj/Fire      #.......     71%         3    ####...
 Gell's Gravitas          Tloc           #.........   71%         3    ####...
 Recall                   Summ/Tloc      N/A          71%         3    ####...
 Summon Guardian Golem    Hex/Summ       #.......     71%         3    ####...
 Petrify                  Tmut/Erth      #.......     98%         4    #####..
 Aura of Abjuration       Summ           #.........   100%        5    ######.
 Metabolic Englaciation   Hex/Ice        #.........   100%        5    ######.
 Yara's Violent Unravell  Hex/Tmut       #.........   100%        5    ######.
 Freezing Cloud           Conj/Ice/Air   #.........   100%        6    #######
 Hydra Form               Tmut           #.........   100%        6    #######
 Ring of Flames           Chrm/Fire      #.........   100%        7    #######


Dungeon Overview and Level Annotations

Branches:
Dungeon (13/15)            Temple (1/1) D:6            Lair (4/6) D:11
  Snake (0/4) Lair:2          Orc (0/2) D:9         Ossuary (visited)
  Swamp: Lair:2-4    Shoals: Lair:2-4    Vaults: D:13-14

Altars:
Ashenzari
Dithmenos
Gozag
Kikubaaqudgha
Makhleb
Nemelex Xobeh
Okawaru
Qazlal
Trog
Uskayaw
Vehumet
Wu Jian
Yredelemnul

Annotations:
D:13 3 runed translucent doors, Huitotooss's ghost, journeyman FoVM
Lair:2 2 transporters, Fov Ajof's ghost, journeyman HuAr


Innate Abilities, Weirdness & Mutations

((You have razor-sharp teeth.))
You heal very quickly.
When hurt, damage is shared between your health and your magic reserves.
((Your bite disrupts and absorbs the magic of your enemies.))
Potions cannot restore your health.
You are immune to rotting.


Message History

The wolf barely misses you.
The spiny frog stings you but does no damage.
You block the spiny frog's attack.
Unknown command.
You puncture the spiny frog!
You kill the spiny frog!
Okawaru accepts your kill. The wolf bites you but does no damage.
Unknown command.
You puncture the spiny frog!
The spiny frog is heavily wounded.
The spiny frog stings you.
* * * LOW HITPOINT WARNING * * *
You are poisoned.
The spiny frog poisons you! The wolf bites you but does no damage.
Unknown command.
You completely miss the wolf.
The wolf is heavily wounded.
You feel sick. The spiny frog stings you!
You die...

##............
#.#.#.......
####....###
##....#
#....##
#.....#
#####...#..#
#..h.........
#.♣..........
##F##.###.#..
#.#### #.$.
### #.# .#


You could see a spiny frog and a wolf.

Vanquished Creatures
  Snorg (D:13)
  A vault guard (D:13)
  3 hydras
  2 centaur warriors (D:12)
  A two-headed ogre (D:13)
  A tengu warrior (D:13)
  An ogre mage (D:13)
  Sonja (D:11)
  An unseen horror (D:13)
  A wizard (D:13)
  A deep elf mage (D:12)
  4 ugly things
  2 black mambas
  2 manticores
  A gargoyle (D:13)
  A centaur skeleton (D:12)
  5 spiny frogs
  2 komodo dragons
  A troll (D:12)
  3 meliai (D:9)
  Grinder (D:3)
  A slime creature (D:12)
  2 hornets
  4 hippogriffs
  A shadow (D:12)
  14 yaks
  2 hungry ghosts (D:11)
  A basilisk (D:12)
  A steam dragon (D:9)
  3 vampire mosquitoes (D:13)
  4 nagas (Lair:2)
  3 wargs (D:11)
  An acid dragon (D:12)
  4 water moccasins
  3 porcupines
  3 orc warriors
  2 sky beasts
  3 ice beasts
  A black bear (D:8)
  A necrophage (D:9)
  3 phantoms
  7 ogres
  7 wolves
  4 centaurs
  3 crocodiles
  An elf zombie (Ossuary)
  2 big kobolds
  A wyvern zombie (D:12)
  12 bullfrogs
  3 scorpions
  A wyvern skeleton (D:13)
  11 killer bees
  5 wights
  6 howler monkeys
  6 crimson imps
  A bullfrog zombie (D:7)
  A centaur zombie (D:5)
  7 orc priests
  7 hounds
  5 jellies
  7 orc wizards
  2 iguanas
  Jessica (D:3)
  10 worker ants
  2 big kobold zombies (Ossuary)
  A hound zombie (D:9)
  A hound skeleton (D:9)
  A worker ant zombie (D:6)
  4 mummies (Ossuary)
  10 gnolls
  12 adders
  4 shadow imps
  6 oozes
  An adder skeleton (D:4)
  2 adder zombies (Ossuary)
  A worm (D:3)
  A dart slug (D:1)
  7 leopard geckos
  28 orcs
  6 giant cockroaches
  2 gnoll zombies (Ossuary)
  8 hobgoblins
  6 jackals
  15 kobolds
  5 quokkas
  2 ball pythons
  3 bats
  5 frilled lizards
  8 goblins
  2 hobgoblin zombies (Ossuary)
  A jackal skeleton (D:6)
  A jackal zombie (D:6)
  A kobold zombie (Ossuary)
  4 rats
  2 rat zombies (Ossuary)
  A spectral orc (D:5)
  A plant (D:4)
357 creatures vanquished.

Vanquished Creatures (others)
  An orc warrior (D:13)
  A plant (D:4)
2 creatures vanquished.

Grand Total: 359 creatures vanquished

Notes
Turn   | Place    | Note
-------+----------+-------------------------------------------
     0 | D:1      | Nattfarinn the Vine Stalker Assassin began the quest for
                  | the Orb.
     0 | D:1      | Reached XP level 1. HP: 11/11 MP: 2/2
   577 | D:1      | Reached skill level 1 in Dodging
   617 | D:1      | Reached XP level 2. HP: 15/15 MP: 3/3
   940 | D:2      | Found a sparkling altar of Nemelex Xobeh.
   985 | D:2      | Reached skill level 5 in Stealth
  1131 | D:2      | Reached XP level 3. HP: 12/18 MP: 1/4
  1587 | D:2      | Found a hide-covered altar of Uskayaw.
  1922 | D:2      | Gained mutation: Your natural rate of healing is unusually
                  | fast. [Vine Stalker growth]
  1922 | D:2      | Reached XP level 4. HP: 19/23 MP: 2/5
  2048 | D:3      | Noticed Jessica
  2057 | D:3      | Killed Jessica
  2057 | D:3      | Reached skill level 1 in Armour
  2117 | D:3      | You fall into a shaft and drop 1 floor!
  2135 | D:4      | Reached XP level 5. HP: 19/27 MP: 4/6
  2326 | D:4      | Reached XP level 6. HP: 32/32 MP: 7/7
  2923 | D:5      | Entered Level 5 of the Dungeon
  3205 | D:3      | Reached skill level 6 in Stealth
  3413 | D:3      | Noticed Grinder
  3426 | D:3      | Paralysed by Grinder for 5 turns
  3444 | D:3      | Killed Grinder
  3444 | D:3      | Reached XP level 7. HP: 32/36 MP: 8/8
  3782 | D:4      | Found an ornate altar of the Wu Jian Council.
  3993 | D:5      | Found a basalt altar of Yredelemnul.
  4192 | D:5      | Reached skill level 5 in Short Blades
  4192 | D:5      | Gained mutation: You have razor-sharp teeth. [Vine Stalker
                  | growth]
  4192 | D:5      | Reached XP level 8. HP: 39/41 MP: 7/9
  4805 | D:6      | Found a burning altar of Makhleb.
  4849 | D:6      | Found a staircase to the Ecumenical Temple.
  4945 | Temple   | Entered the Ecumenical Temple
  5037 | Temple   | Became a worshipper of Warmaster Okawaru
  5080 | D:6      | Reached skill level 7 in Stealth
  5474 | D:6      | Reached * piety under Okawaru
  5858 | D:7      | Reached XP level 9. HP: 46/46 MP: 8/10
  6123 | D:7      | Reached ** piety under Okawaru
  6123 | D:7      | Reached skill level 8 in Stealth
  6315 | D:7      | Found a sand-covered staircase.
  6321 | Ossuary  | Entered an ossuary
  6349 | Ossuary  | Reached skill level 5 in Fighting
  6614 | D:7      | Found a shadowy altar of Dithmenos.
  7418 | D:9      | Reached XP level 10. HP: 51/51 MP: 11/11
  7568 | D:9      | Found a staircase to the Orcish Mines.
  7587 | D:9      | Reached *** piety under Okawaru
  7809 | D:9      | Reached skill level 9 in Stealth
  7817 | D:9      | Reached skill level 5 in Dodging
  7919 | D:9      | Reached **** piety under Okawaru
  8014 | D:9      | Paralysed by a hornet for 3 turns
  8018 | D:9      | Reached skill level 5 in Armour
  8403 | D:9      | Found an opulent altar of Gozag.
  8517 | D:10     | Entered Level 10 of the Dungeon
  8588 | D:10     | You fall into a shaft and drop 1 floor!
  8620 | D:11     | Noticed a white ugly thing
  8627 | D:11     | Killed a white ugly thing
  8885 | D:11     | Noticed Sonja
  8896 | D:11     | Killed Sonja
  8896 | D:11     | Reached ***** piety under Okawaru
  8896 | D:11     | Reached skill level 10 in Stealth
  8896 | D:11     | Reached XP level 11. HP: 45/58 MP: 9/12
  8958 | D:11     | Found a staircase to the Lair.
  8986 | D:11     | Received a gift from Okawaru
  9462 | D:12     | Noticed a manticore
  9498 | D:12     | Killed a manticore
  9499 | D:12     | Paralysed by a hornet for 2 turns
  9886 | D:12     | Noticed a five-headed hydra
  9910 | D:12     | Killed a five-headed hydra
  9977 | D:12     | Received a gift from Okawaru
  9978 | D:12     | Got a ripped robe {god gift}
  9989 | D:12     | Identified the +1 robe of the Iron Devil {rCorr Str+3 Int+2
                  | Dex+3} (Okawaru gifted it to you on level 12 of the
                  | Dungeon)
 10088 | D:12     | Noticed a deep elf mage
 10102 | D:12     | Killed a deep elf mage
 10249 | D:12     | Reached skill level 10 in Short Blades
 10360 | D:12     | Noticed a green ugly thing
 10367 | D:12     | Killed a green ugly thing
 10579 | D:13     | Noticed a vault guard
 10580 | D:13     | Noticed a vault guard
 10582 | D:13     | Reached skill level 11 in Stealth
 10631 | D:13     | Noticed Snorg
 10633 | D:13     | Killed Snorg
 10633 | D:13     | Gained mutation: You heal very quickly. [Vine Stalker
                  | growth]
 10633 | D:13     | Reached XP level 12. HP: 61/63 MP: 13/13
 10644 | D:13     | Noticed a centaur warrior
 10671 | D:13     | Noticed a centaur warrior
 10678 | D:13     | Found a runed translucent gate.
 10854 | D:12     | Killed a centaur warrior
 10901 | D:12     | Killed a centaur warrior
 10983 | D:13     | Noticed a two-headed ogre
 11004 | D:13     | Killed a two-headed ogre
 11077 | D:13     | Found a runed translucent gate.
 11078 | D:13     | Found a runed translucent gate.
 11280 | D:13     | Reached skill level 12 in Stealth
 11538 | D:13     | Noticed Huitotooss's ghost (journeyman FoVM)
 11635 | D:13     | Identified the Collected Works on Creation and Changing
 11636 | D:13     | Noticed a tengu warrior
 11678 | D:13     | Killed a tengu warrior
 11686 | D:13     | HP: 3/65 [orc warrior/+0 dagger (9)]
 11704 | D:13     | Received a gift from Okawaru
 11707 | D:13     | Got a faintly glowing broad axe {god gift}
 11708 | D:13     | Identified the +5 broad axe "Pacvyga" {vorpal, rPois}
                  | (Okawaru gifted it to you on level 13 of the Dungeon)
 11807 | D:13     | Noticed a vault guard
 11827 | D:13     | Killed a vault guard
 11827 | D:13     | Reached ****** piety under Okawaru
 11842 | D:13     | Noticed an ogre mage
 11892 | D:13     | Killed an ogre mage
 11985 | D:13     | Learned a level 2 spell: Poisonous Vapours
 12176 | Lair:1   | Entered Level 1 of the Lair of Beasts
 12212 | Lair:1   | Reached skill level 1 in Poison Magic
 12412 | Lair:1   | Noticed a four-headed hydra
 12471 | Lair:1   | Killed a four-headed hydra
 12471 | Lair:1   | Reached XP level 13. HP: 26/69 MP: 9/14
 12843 | Lair:1   | You fall into a shaft and drop 1 floor!
 12852 | Lair:2   | Reached skill level 5 in Poison Magic
 13238 | Lair:2   | Found a staircase to the Snake Pit.
 13311 | Lair:2   | You fall into a shaft and drop 2 floors!
 13385 | Lair:3   | Received a gift from Okawaru
 13405 | Lair:2   | Found a transporter.
 13406 | Lair:2   | Noticed Fov Ajof's ghost (journeyman HuAr)
 13424 | Lair:2   | Found a transporter.
 14009 | Lair:3   | Slain by a spiny frog

Levels and vault maps discovered:
D:1:      beargit_arrival_greenhouse, layout_basic
D:2:      layout_basic, lemuel_doored_altar, eat_drink_and_be_merry_uskayaw,
          kennysheep_generic_room_16
D:3:      layout_loops_ring, uniq_jessica, uniq_grinder
D:4:      layout_basic, nicolae_overflow_hidden_temple, first_ration,
          serial_bayou_lagoon_a
D:5:      cheibrodos_helix_gallery, layout_loops_corners,
          yredelemnul_forgotten_temple_becter
D:6:      layout_basic, old_standard_altar, minmay_temple_entry_ruins
D:7:      layout_loops_ring, overflow_temple_1_default, enter_ossuary_2
D:8:      layout_loops_cross
D:9:      layout_roguey, kennysheep_little_box, orc_0_dummy
D:10:     layout_stronghold, uniq_harold
D:11:     layout_gridville, erik_lair_orcish_takeover, uniq_sonja
D:12:     layout_rooms, hangedman_little_slice_of_home
D:13:     layout_loops_ring, grunt_vaults_entry_fortified, gammafunk_ghost_icy,
          roderic_cross_of_infinity, uniq_snorg
Temple:   bh_familiar_temple
Lair:1:   layout_chaotic_city, lemuel_fruit_fields, serial_bayou_shore_a
Lair:2:   layout_loops_ring, minmay_snake_entry_guardpost_small,
          gammafunk_ghost_berserking_beasts
Lair:3:   layout_small_grid, minivault_19, serial_bayou_shore_b,
          grunt_megastairs_5
Lair:4:   layout_cave_pods, elwin_shoals_entry_rooms,
          gammafunk_ghost_berserking_beasts

Skill      XL: |  1  2  3  4  5  6  7  8  9 10 11 12 13 |
---------------+----------------------------------------+-----
Short Blades   | 2 3 4 5 6 7 9 10 | 10.0
Dodging        | 1 2 3 4 5 6 7 |  7.7
Fighting       | 2 3 4 5 6 7 8 |  8.7
Stealth        | 5 6 7 8 10 11 12 | 12.4
Armour         | 1 2 3 4 5 6 7 |  7.6
Poison Magic   | 4 7 |  7.7
Throwing       | |  1.7

Action                   |  1- 3 |  4- 6 |  7- 9 | 10-12 | 13-15 || total
-------------------------+-------+-------+-------+-------+-------++-------
Melee: Dagger            |    80 |   238 |   510 |   736 |   208 ||  1772
       Bite              |    12 |    85 |   202 |   308 |    80 ||   687
Throw: Dart              |       |       |     5 |       |       ||     5
 Cast: Poisonous Vapours |       |       |       |     2 |     4 ||     6
Evoke: Wand              |       |       |     1 |    61 |     3 ||    65
  Use: Scroll            |     4 |       |     4 |    17 |       ||    25
       Potion            |       |       |       |     4 |     4 ||     8
 Stab: Sleeping          |     7 |     6 |     5 |    18 |     8 ||    44
       Confused          |       |       |     3 |     7 |       ||    10
       Paralysed         |       |       |       |     3 |       ||     3
       Distracted        |       |       |       |       |     1 ||     1
  Eat: Chunk             |     3 |     5 |    13 |    10 |     5 ||    36
       Ration            |       |       |       |     2 |       ||     2
Armor: Robe              |     5 |       |       |     5 |       ||    10
       Ring mail         |    19 |     3 |       |       |       ||    22
       Scale mail        |       |    50 |   160 |    20 |       ||   230
       Leather armour    |       |       |       |    96 |    27 ||   123
       Skin              |       |       |       |    12 |     6 ||    18
Dodge: Dodged            |    36 |    63 |   229 |   271 |   113 ||   712
Block: Other             |       |    13 |    77 |    78 |    35 ||   203
       Reflection        |       |       |     2 |     8 |     1 ||    11

Table legend:
 A = Non-vault XP
 B = Vault XP
 C = Vault XP percentage of total XP
 D = Non-vault monster count
 E = Vault monster count
 F = Vault count percentage of total count
                 A         B        C        D         E       F
            +---------+---------+-------+---------+---------+-------
      Total |   32837 |    6872 |  17.3 |     305 |      52 |  14.6
            +---------+---------+-------+---------+---------+-------
        D:1 |      18 |       0 |   0.0 |      11 |       0 |   0.0
        D:2 |      58 |       6 |   9.4 |      19 |       3 |  13.6
        D:3 |      45 |     327 |  87.9 |      18 |       2 |  10.0
        D:4 |     403 |       0 |   0.0 |      27 |       0 |   0.0
        D:5 |     459 |       1 |   0.2 |       9 |       1 |  10.0
        D:6 |     834 |       0 |   0.0 |      21 |       0 |   0.0
        D:7 |    1371 |       0 |   0.0 |      32 |       0 |   0.0
        D:8 |     471 |       0 |   0.0 |      12 |       0 |   0.0
        D:9 |    3582 |       0 |   0.0 |      35 |       0 |   0.0
       D:10 |      13 |       0 |   0.0 |       1 |       0 |   0.0
       D:11 |    1979 |    1523 |  43.5 |      22 |      11 |  33.3
       D:12 |    7054 |     436 |   5.8 |      22 |       9 |  29.0
       D:13 |    7271 |    3685 |  33.6 |      38 |       6 |  13.6
     Temple |      59 |       0 |   0.0 |       1 |       0 |   0.0
     Lair:1 |    3515 |       0 |   0.0 |      12 |       0 |   0.0
     Lair:2 |    4204 |     658 |  13.5 |      17 |       4 |  19.0
     Lair:3 |     955 |       0 |   0.0 |       6 |       0 |   0.0
     Lair:4 |     546 |       0 |   0.0 |       2 |       0 |   0.0
    Ossuary |       0 |     236 | 100.0 |       0 |      16 | 100.0
            +---------+---------+-------+---------+---------+-------
